 Dungeon Crawl Stone Soup version 0.28-a0-535-g6f645e4c1d (webtiles) character file.

Game seed: 15957501642715116935

121940 speeev33 the Warrior (level 16, -27/118 HPs)
             Began as a Gargoyle Fighter on Sept 26, 2021.
             Was the Champion of Okawaru.
             Killed from afar by Nikola (58 damage)
             ... with an arc of chain lightning
             ... in the Arena on Sept 27, 2021.
             The game lasted 01:06:21 (30039 turns).

speeev33 the Warrior (Gargoyle Fighter)            Turns: 30039, Time: 01:06:22

Health: -27/118    AC: 43    Str: 35    XL:     16   Next: 86%
Magic:  11/23      EV: 12    Int:  6    God:    Okawaru [******]
Gold:   1923       SH: 17    Dex: 18    Spells: 15/15 levels left

rFire   + . .      SeeInvis +   P - +11 morningstar of the Onslaught {protect, rPois rN+++ Str+3}
rCold   + . .      Faith    +   o - +1 kite shield
rNeg    + + +      Spirit   .   V - +7 chain mail of Idealism {rPois Will+ rCorr Int-3}
rPois   ∞          Reflect  .   C - +1 helmet {SInv}
rElec   +          Harm     .   K - +0 cloak
rCorr   +          Rampage  .   B - +0 pair of gloves of Jigsaw {Contam rF+ Will+ Dex+3}
Will    +++++                   S - +2 pair of boots of True Grit {rC+ Str+5}
Stlth   ..........              n - amulet of faith
HPRegen 0.29/turn               G - ring of willpower
MPRegen 0.18/turn               U - ring "Zunoul" {Will+ Dex+6}

@: heroic, finesse-ful, flying, studying Armour, duelling
A: sickness immunity, AC +12, big wings, negative energy resistance 1,
electricity resistance, torment resistance 1, petrification resistance
a: Renounce Religion, Heroism, Finesse, Duel


You were in the Arena.
You worshipped Okawaru.
Okawaru was exalted by your worship.
You visited 5 branches of the dungeon, and saw 25 of its levels.
You also visited: Sewer.

You collected 4386 gold pieces.
You spent 2463 gold pieces at shops.

Inventory:

Hand Weapons
 p - a +6 vorpal eveningstar
 P - the +11 morningstar of the Onslaught (weapon) {protect, rPois rN+++ Str+3}
   (Okawaru gifted it to you on level 3 of the Lair of Beasts)

   It grants its wielder temporary protection when it strikes (+7 to AC).
   Str:       It affects your strength (+3).
   rPois:     It protects you from poison.
   rN:        It renders you almost immune to negative energy.
Missiles
 y - 8 throwing nets (quivered)
 z - 6 silver javelins
Armour
 o - a +1 kite shield (worn)
 B - the +0 pair of gloves of Jigsaw (worn) {Contam rF+ Will+ Dex+3}
   (You found it on level 7 of the Dungeon)

   Dex:       It affects your dexterity (+3).
   rF:        It protects you from fire.
   Contam:    It causes magical contamination when unequipped.
   Will:      It increases your willpower.
 C - a +1 helmet of see invisible (worn)
 K - a +0 cloak (worn)
 S - the +2 pair of boots of True Grit (worn) {rC+ Str+5}
   (Okawaru gifted it to you on level 14 of the Dungeon)

   Str:       It affects your strength (+5).
   rC:        It protects you from cold.
 V - the +7 chain mail of Idealism (worn) {rPois Will+ rCorr Int-3}
   (Okawaru gifted it to you on level 1 of the Shoals)

   Int:       It affects your intelligence (-3).
   rPois:     It protects you from poison.
   rCorr:     It protects you from acid and corrosion.
   Will:      It increases your willpower.
Jewellery
 e - a +4 ring of evasion
 m - a +4 ring of slaying
 n - an amulet of faith (around neck)
 w - a ring of protection from fire
 G - a ring of willpower (left hand)
 I - the ring of the Failed Coup {rC+ Dex+2}
   (You found it on level 1 of the Lair of Beasts)

   [ring of protection from cold]

   Dex:       It affects your dexterity (+2).
   rC:        It protects you from cold.
 U - the ring "Zunoul" (right hand) {Will+ Dex+6}
   (You bought it in a shop on level 2 of the Orcish Mines)

   [ring of willpower]

   Dex:       It affects your dexterity (+6).
   Will:      It increases your willpower.
Wands
 l - a wand of iceblast (28)
 r - a wand of acid (1)
 u - a wand of polymorph (25)
 D - a wand of flame (69)
 E - a wand of digging (18)
 O - a wand of mindburst (21)
Scrolls
 a - 8 scrolls of fear
 b - 4 scrolls of amnesia
 f - 2 scrolls of brand weapon
 s - 6 scrolls of magic mapping
 x - 4 scrolls of teleportation
 A - a scroll of enchant weapon
 F - a scroll of silence
 L - 4 scrolls of enchant armour
 R - 7 scrolls of identify
 T - 2 scrolls of blinking
Potions
 c - 3 potions of ambrosia
 d - 5 potions of might
 g - 9 potions of curing
 h - 8 potions of lignification
 i - 2 potions of brilliance
 j - 2 potions of cancellation
 k - 4 potions of mutation
 t - 6 potions of flight
 v - 5 potions of degeneration
 H - 4 potions of attraction
 J - a potion of invisibility
 M - a potion of magic
 N - 3 potions of haste
 Q - a potion of berserk rage


   Skills:
 + Level 20.1(25.1) Fighting
 - Level 16.0(21.0) Maces & Flails
 - Level 12.0(17.0) Armour
 - Level 15.0(20.0) Shields
 - Level 10.0 Invocations


You had 15 spell levels left.
You didn't know any spells.
Your spell library contained the following spells:

 Spells                   Type           Power      Damage    Failure   Level
 Shock                    Conj/Air       0%         1d3       77%         1
 Corpse Rot               Necr/Air       N/A        N/A       88%         2
 Ensorcelled Hibernation  Hex/Ice        0%         N/A       88%         2
 Scorch                   Fire           0%         2d5       88%         2
 Slow                     Hex            0%         N/A       88%         2
 Static Discharge         Conj/Air       0%         N/A       88%         2
 Confusing Touch          Hex            0%         N/A       98%         3
 Dazzling Flash           Conj/Hex       0%         N/A       98%         3
 Frozen Ramparts          Ice            0%         1d2       98%         3
 Inner Flame              Hex/Fire       0%         N/A       98%         3
 Spider Form              Tmut/Pois      0%         N/A       98%         3
 Stone Arrow              Conj/Erth      0%         3d7       98%         3
 Swiftness                Air            0%         N/A       98%         3
 Vampiric Draining        Necr           0%         2d6       98%         3
 Airstrike                Air            0%         N/A       100%        4
 Cause Fear               Hex            0%         N/A       100%        4
 Dispel Undead            Necr           0%         3d6       100%        4
 Flame Wave               Conj/Fire      0%         3d3       100%        4
 Hailstorm                Conj/Ice       0%         3d3       100%        4
 Ice Form                 Ice/Tmut       0%         N/A       100%        4
 Iskenderun's Mystic Bla  Conj/Tloc      0%         2d3       100%        4
 Passage of Golubria      Tloc           N/A        N/A       100%        4
 Agony                    Necr           0%         N/A       100%        5
 Blade Hands              Tmut           0%         N/A       100%        5
 Borgnjor's Vile Clutch   Necr/Erth      0%         N/A       100%        5
 Irradiate                Conj/Tmut      0%         3d13      100%        5
 Lightning Bolt           Conj/Air       0%         1d11      100%        5
 Silence                  Hex/Air        0%         N/A       100%        5
 Yara's Violent Unravell  Hex/Tmut       0%         3d3       100%        5
 Starburst                Conj/Fire      0%         6d3       100%        6
 Dragon Form              Tmut           0%         N/A       100%        7
 Storm Form               Tmut/Air       0%         N/A       100%        7
 Discord                  Hex            0%         N/A       100%        8
 Lehudib's Crystal Spear  Conj/Erth      0%         10d2      100%        8
 Maxwell's Capacitive Co  Air            0%         ∞         100%        8
 Tukima's Dance           Hex            Unusable   N/A       N/A         3
 Animate Armour           Summ/Erth      Unusable   N/A       N/A         4
 Summon Ice Beast         Ice/Summ       Unusable   N/A       N/A         4
 Death Channel            Necr           Unusable   N/A       N/A         6
 Simulacrum               Ice/Necr       Unusable   N/A       N/A         6
 Statue Form              Tmut/Erth      Unusable   N/A       N/A         6
 Summon Cactus Giant      Summ           Unusable   N/A       N/A         6

Dungeon Overview and Level Annotations

Branches:
Dungeon (15/15)            Temple (1/1) D:5            Lair (6/6) D:9
 Shoals (1/4) Lair:2        Snake (0/4) Lair:2        Slime (0/5) Lair:6
    Orc (2/2) D:10            Elf (0/3) Orc:2        Vaults (0/5) D:14
 Depths (0/4) D:15          Sewer (visited)

Altars:
Ashenzari
Cheibriados
Dithmenos
Elyvilon
Fedhas
Gozag
Hepliaklqana
Kikubaaqudgha
Makhleb
Nemelex Xobeh
Okawaru
Qazlal
Ru
Sif Muna
Uskayaw
Vehumet
Wu Jian
Xom
Zin
The Shining One
Beogh
Jiyva

Shops:
D:7 !   D:12 [   D:15 [[?**   Orc:1 (   Orc:2 =*[?

Portals:
Abyss: Lair:3
Trove: D:15 (give +4 demon blade)

Annotations:
Lair:3 2 transporters, Feulaj's ghost, journeyman MiBe Arena Nikola


Innate Abilities, Weirdness & Mutations

You are immune to sickness and miasma.
Your stone body is resilient. (AC +12)
You are immune to poison.
Your large and strong wings let you fly.
You resist negative energy. (rN+)
You are resistant to electric shocks. (rElec)
You are resistant to unholy torment.
You are immune to petrification.


Message History

Nikola blinks!
Aiming: Corrosive Bolt
Press: ? - help, Shift-Dir - straight line, f/p - Nikola
Aim: Nikola, wielding a +3 rapier of electrocution, wearing a +0 cloak and wearing a +0 pair of gloves (severely wounded, 75% to hit)
The bolt of acid hits Nikola!
The acid corrodes Nikola!
Nikola is severely wounded.
Nikola gestures wildly while chanting.
Nikola blinks!
Aiming: Corrosive Bolt
Press: ? - help, Shift-Dir - straight line, f/p - Nikola
Aim: Nikola, wielding a +3 rapier of electrocution, wearing a +0 cloak and wearing a +0 pair of gloves (severely wounded, covered in acid, 75% to hit)
The bolt of acid hits Nikola!!
Nikola seems to be corroded for longer.
Nikola is almost dead.
Nikola points at you and mumbles some strange words.
The bolt of lightning hits you! You resist.
* * * LOW HITPOINT WARNING * * *
Aiming: Corrosive Bolt
Press: ? - help, Shift-Dir - straight line, f/p - Nikola
Aim: Nikola, wielding a +3 rapier of electrocution, wearing a +0 cloak and wearing a +0 pair of gloves (almost dead, covered in acid, 75% to hit)
The bolt of acid hits Nikola!
Nikola is almost dead.
Aiming: Corrosive Bolt
Press: ? - help, Shift-Dir - straight line, f/p - Nikola
Aim: Nikola, wielding a +3 rapier of electrocution, wearing a +0 cloak and wearing a +0 pair of gloves (almost dead, covered in acid, 75% to hit)
The bolt of acid misses Nikola.
Aiming: Corrosive Bolt
Press: ? - help, Shift-Dir - straight line, f/p - Nikola
Aim: Nikola, wielding a +3 rapier of electrocution, wearing a +0 cloak and wearing a +0 pair of gloves (almost dead, covered in acid, 75% to hit)
The bolt of acid hits Nikola!
Nikola is almost dead.
Aiming: Corrosive Bolt
Press: ? - help, Shift-Dir - straight line, f/p - Nikola
Aim: Nikola, wielding a +3 rapier of electrocution, wearing a +0 cloak and wearing a +0 pair of gloves (almost dead, covered in acid, 75% to hit)
The bolt of acid hits Nikola.
Nikola seems to be corroded for longer.
Nikola is almost dead.
Nikola mumbles some strange words.
Lightning arcs from Nikola's hands!
The bolt of lightning hits you!!! You resist.
You die...
Okawaru crowns Nikola victorious!

###############
#.p▓.p▓∩▓p.▓p.#
#▓▓▓▓▓▓▓▓▓▓▓▓▓#
#.............#
#.8.@..@....8.#
#.............#
#▓▓▓▓▓▓▓▓▓▓▓▓▓#
#....pp▓pp....#
###############


You could see Nikola (corroded) and 8 spectators.

Vanquished Creatures
  Rupert (D:14)
  Roxanne (D:15)
  2 orc warlords (Orc:2)
  The ghost of fiend the Warrior, a journeyman OgHu of Makhleb (Lair:5)
  Nessos (D:14)
  A dire elephant (Lair:6)
  An ettin (Orc:2)
  Harold (D:7)
  A boulder beetle (D:14)
  A rakshasa (D:15)
  14 hydras
  3 catoblepae
  A death knight (D:15)
  4 centaur warriors
  7 two-headed ogres
  The ghost of Rennog the Fighter, a novice DsFi of Makhleb (D:10)
  10 death yaks
  A tengu warrior (D:10)
  A deep troll shaman (Lair:6)
  5 orc high priests (Orc:2)
  A sea snake (Shoals:1)
  A glowing orange brain (D:15)
  A harpy (shapeshifter) (D:14)
  Pikel (D:6)
  8 orc knights
  A deep elf zephyrmancer (D:10)
  4 harpies (Lair:2)
  5 orc sorcerers
  3 fauns (Shoals:1)
  6 deep elf pyromancers
  4 cyclopes
  A wolf spider (D:10)
  An oklob plant (Lair:3)
  4 manticores
  20 ugly things
  8 black mambas
  2 merfolk sirens
  13 elephants
  A water nymph (shapeshifter) (D:15)
  2 torpor snails
  A water nymph (Shoals:1)
  Maggie (D:9)
  A gargoyle (D:12)
  Psyche (D:8)
  3 rime drakes
  8 komodo dragons
  9 cane toads
  2 unseen horrors
  A kobold demonologist (D:13)
  4 merfolk (Shoals:1)
  2 polar bears
  5 trolls
  A wind drake (Shoals:1)
  Prince Ribbit (D:7)
  A jumping spider (shapeshifter) (D:14)
  25 blink frogs
  4 snapping turtles (Shoals:1)
  14 dream sheep
  A hornet (D:10)
  14 slime creatures
  Sigmund (D:5)
  A shadow (D:11)
  2 vampires
  16 humans (D:14)
  8 basilisks
  Eustachio (D:5)
  A water elemental (Shoals:1)
  3 wraiths
  5 wyverns
  64 yaks
  Grum (D:8)
  A steam dragon (Lair:4)
  Menkaure (D:4)
  3 acid dragons
  5 wargs
  15 water moccasins
  Duvessa (D:7)
  4 black bears
  41 orc warriors
  2 sky beasts
  A necrophage (D:6)
  15 ogres
  10 boggarts
  23 wolves
  9 centaurs
  4 lemures (D:6)
  A phantom (D:5)
  Blork the orc (D:6)
  A kobold brigand (D:5)
  10 bullfrogs
  6 scorpions
  Dowan (D:7)
  A water moccasin zombie (D:5)
  3 wyvern skeletons
  5 killer bees (D:7)
  3 howler monkeys (D:7)
  3 wights (D:6)
  4 centaur zombies
  A bullfrog zombie (D:5)
  A hound (D:5)
  30 orc priests
  4 gnoll shamans
  4 jellies
  A centaur skeleton (D:6)
  An iguana (D:7)
  Ijyb (D:5)
  28 orc wizards
  12 hell rats
  2 killer bee zombies
  A hound zombie (D:5)
  4 adders
  22 gnolls
  A howler monkey skeleton (D:6)
  14 river rats
  A white imp (D:5)
  An ufetubus (D:7)
  7 worms
  A dart slug (D:2)
  108 orcs
  11 endoplasms
  8 giant cockroaches
  12 goblins
  6 hobgoblins
  9 jackals
  8 kobolds
  14 quokkas
  3 training dummies (Orc:1)
  4 ball pythons
  8 bats
  8 frilled lizards
  17 rats
874 creatures vanquished.

Vanquished Creatures (others)
  3 fauns (Shoals:1)
  21 fungi
  70 plants
94 creatures vanquished.

Grand Total: 968 creatures vanquished

Notes
Turn   | Place    | Note
-------+----------+-------------------------------------------
     0 | D:1      | speeev33 the Gargoyle Fighter began the quest for the Orb.
     0 | D:1      | Reached XP level 1. HP: 14/14 MP: 1/1
   325 | D:1      | Reached XP level 2. HP: 16/19 MP: 2/2
   639 | D:1      | Found a faded altar of an unknown god.
   943 | D:1      | Reached XP level 3. HP: 16/24 MP: 3/3
  1350 | D:2      | Reached XP level 4. HP: 28/29 MP: 4/4
  2002 | D:3      | Reached skill level 4 in Fighting
  2158 | D:3      | Identified a scroll of acquirement
  2158 | D:3      | Acquired a manual of Armour
  2334 | D:3      | Noticed an ogre
  2341 | D:3      | Killed an ogre
  2342 | D:3      | Reached XP level 5. HP: 26/34 MP: 5/5
  2466 | D:3      | Reached skill level 5 in Armour
  2466 | D:3      | Reached XP level 6. HP: 36/39 MP: 6/6
  2801 | D:3      | Acquired 943 gold pieces
  3327 | D:4      | Reached skill level 5 in Shields
  3447 | D:4      | Reached skill level 5 in Fighting
  3447 | D:4      | Reached XP level 7. HP: 33/44 MP: 7/7
  3626 | D:4      | Found a glowing drain.
  3634 | Sewer    | Entered a sewer
  4356 | D:4      | Noticed Menkaure
  4366 | D:4      | Killed Menkaure
  4889 | D:5      | Entered Level 5 of the Dungeon
  4902 | D:5      | Noticed Eustachio
  4949 | D:5      | Killed Eustachio
  4950 | D:5      | Reached XP level 8. HP: 51/51 MP: 8/8
  4998 | D:5      | Reached skill level 6 in Fighting
  4998 | D:5      | Reached skill level 5 in Maces & Flails
  5040 | D:5      | Found a staircase to the Ecumenical Temple.
  5049 | Temple   | Entered the Ecumenical Temple
  5131 | Temple   | Became a worshipper of Warmaster Okawaru
  5151 | D:5      | Noticed Ijyb
  5168 | D:5      | Noticed Sigmund
  5259 | D:5      | Killed Ijyb
  5261 | D:5      | Killed Sigmund
  5281 | D:5      | Reached * piety under Okawaru
  5548 | D:5      | Found a glowing golden altar of the Shining One.
  5548 | D:5      | Found an opulent altar of Gozag.
  5742 | D:6      | Reached XP level 9. HP: 52/56 MP: 9/9
  5817 | D:6      | Reached ** piety under Okawaru
  5818 | D:6      | Reached skill level 7 in Fighting
  5819 | D:6      | Noticed Blork the orc
  5825 | D:6      | Killed Blork the orc
  5843 | D:6      | Noticed Pikel
  5857 | D:6      | Killed Pikel
  5860 | D:6      | Reached *** piety under Okawaru
  6035 | D:6      | Reached skill level 10 in Armour
  6097 | D:6      | Acquired a +5 vorpal eveningstar
  6263 | D:6      | Reached skill level 8 in Fighting
  6495 | D:7      | Reached **** piety under Okawaru
  6751 | D:7      | Reached XP level 10. HP: 34/64 MP: 10/10
  6904 | D:7      | Noticed Prince Ribbit
  6911 | D:7      | Killed Prince Ribbit
  6934 | D:7      | Identified the +0 pair of gloves of Jigsaw {Contam rF+
                  | Will+ Dex+3}
  6981 | D:7      | Noticed Harold
  6999 | D:7      | Killed Harold
  7151 | D:7      | Found Xucuenes's Distillery.
  7225 | D:7      | Reached ***** piety under Okawaru
  7329 | D:7      | Noticed Duvessa
  7334 | D:7      | Killed Duvessa
  7342 | D:7      | Noticed Dowan
  7348 | D:7      | Killed Dowan
  7639 | D:8      | Noticed Psyche
  7652 | D:8      | Killed Psyche
  7653 | D:8      | Reached skill level 9 in Fighting
  7830 | D:8      | Noticed Grum
  7836 | D:8      | Killed Grum
  7836 | D:8      | Received a gift from Okawaru
  8503 | D:9      | Noticed a two-headed ogre
  8547 | D:9      | Killed a two-headed ogre
  8548 | D:9      | Reached XP level 11. HP: 43/72 MP: 8/11
  8805 | D:9      | Noticed Maggie
  8821 | D:9      | Killed Maggie
  8822 | D:9      | Reached skill level 10 in Shields
  8837 | D:9      | Reached skill level 10 in Fighting
  9123 | D:9      | Found a staircase to the Lair.
 10061 | Lair:1   | Entered Level 1 of the Lair of Beasts
 10201 | Lair:1   | Received a gift from Okawaru
 10419 | Lair:1   | Reached skill level 11 in Fighting
 10718 | Lair:1   | Identified the ring of the Failed Coup {rC+ Dex+2}
 10736 | Lair:1   | Noticed a five-headed hydra
 10743 | Lair:1   | Received a gift from Okawaru
 10744 | Lair:1   | Reached skill level 10 in Maces & Flails
 10749 | Lair:1   | Killed a five-headed hydra
 10919 | Lair:1   | Reached XP level 12. HP: 63/80 MP: 12/12
 11088 | Lair:1   | Noticed an eight-headed hydra
 11098 | Lair:1   | Killed an eight-headed hydra
 11356 | Lair:2   | Found a staircase to the Snake Pit.
 11503 | Lair:2   | Identified the +3 rapier of Qazlal {holy, MP-9 Int+4}
 11586 | Lair:2   | Noticed a four-headed hydra
 11599 | Lair:2   | Killed a four-headed hydra
 11599 | Lair:2   | Reached ****** piety under Okawaru
 11599 | Lair:2   | Received a gift from Okawaru
 11600 | Lair:2   | Reached skill level 12 in Fighting
 11817 | Lair:2   | Noticed a four-headed hydra
 11829 | Lair:2   | Killed a four-headed hydra
 12110 | Lair:2   | You fall into a shaft and drop 2 floors!
 12413 | Lair:2   | Found a staircase to the Shoals.
 12808 | Lair:3   | Noticed Feulaj's ghost (journeyman MiBe)
 12922 | Lair:3   | Noticed a sun demon
 13068 | Lair:2   | Reached skill level 13 in Fighting
 13157 | Lair:3   | Reached XP level 13. HP: 88/88 MP: 13/13
 13202 | Lair:3   | Noticed a rakshasa
 13282 | Lair:3   | Found the +8 demon trident "Rift" {distort, reach+}
 13295 | Lair:3   | Found a transporter.
 13311 | Lair:3   | Found a one-way gate to the infinite horrors of the Abyss.
 13339 | Lair:3   | Found a transporter.
 13506 | Lair:3   | Identified the +11 morningstar of the Onslaught {protect,
                  | rPois rN+++ Str+3} (Okawaru gifted it to you on level 3 of
                  | the Lair of Beasts)
 13506 | Lair:3   | Received a gift from Okawaru
 13641 | Lair:3   | Noticed Sonja
 13647 | Lair:3   | Noticed Sonja
 13647 | Lair:3   | Sonja changed into Sonja the water moccasin
 13649 | Lair:3   | Killed Sonja the water moccasin
 13654 | Lair:3   | Found a hazy altar of Hepliaklqana.
 14569 | Lair:4   | Received a gift from Okawaru
 14595 | Lair:4   | Reached skill level 14 in Fighting
 14595 | Lair:4   | HP: 4/135 [yak (8)]
 14603 | Lair:4   | HP: 2/135 [yak (3)]
 14626 | Lair:3   | HP: 4/90 [yak (3)]
 15221 | Lair:4   | Acquired a +2 crystal plate armour
 15829 | Lair:5   | Gained mutation: Your large and strong wings let you fly.
                  | [Gargoyle growth]
 15829 | Lair:5   | Reached XP level 14. HP: 71/96 MP: 14/14
 15993 | Lair:5   | Received a gift from Okawaru
 16227 | Lair:5   | Reached skill level 15 in Shields
 16235 | Lair:5   | Reached skill level 15 in Fighting
 16852 | Lair:5   | Found a runed translucent door.
 16852 | Lair:5   | Noticed fiend's ghost (journeyman OgHu)
 17078 | Lair:6   | Entered Level 6 of the Lair of Beasts
 17230 | Lair:6   | Identified the +7 trident "Feoghirgh" {vorpal, Str+4 Int+5
                  | Dex+3}
 17270 | Lair:6   | Found a runed translucent door.
 17270 | Lair:6   | Found a viscous altar of Jiyva.
 17271 | Lair:6   | Found a staircase to the Slime Pits.
 17539 | Lair:6   | Identified the +6 morningstar "Heskoy" {vorpal, rElec rN+}
                  | (Okawaru gifted it to you on level 6 of the Lair of Beasts)
 17539 | Lair:6   | Received a gift from Okawaru
 17574 | Lair:6   | Reached skill level 16 in Fighting
 17919 | Lair:6   | Noticed a dire elephant
 17938 | Lair:6   | Killed a dire elephant
 18017 | Lair:6   | Identified the ring "Januix" {Fire rPois Will- Slay+2}
 18300 | D:10     | Entered Level 10 of the Dungeon
 18442 | D:10     | Found a large runed translucent door.
 18443 | D:10     | Found a large runed translucent door.
 18445 | D:10     | Noticed Rennog's ghost (novice DsFi)
 18491 | D:10     | Killed Rennog's ghost
 18606 | D:10     | Reached skill level 15 in Maces & Flails
 18672 | D:10     | Found a staircase to the Orcish Mines.
 18930 | D:10     | Received a gift from Okawaru
 18933 | D:10     | Reached XP level 15. HP: 103/105 MP: 12/15
 18953 | D:10     | Identified the +1 robe of Botuck {rC- Str+7 Dex+2}
 18954 | D:10     | Got the Almanac of Transformation and the Mountains
 19911 | D:11     | Reached skill level 17 in Fighting
 20127 | Orc:1    | Entered Level 1 of the Orcish Mines
 20528 | Orc:1    | Found Zefoefix's Firing Range.
 20783 | Orc:2    | Entered Level 2 of the Orcish Mines
 21204 | Orc:2    | Received a gift from Okawaru
 21379 | Orc:2    | Found Gyrab's Jewellery Boutique.
 21414 | Orc:2    | Noticed an orc warlord
 21426 | Orc:2    | Killed an orc warlord
 21542 | Orc:2    | Reached skill level 1 in Invocations
 21621 | Orc:2    | Noticed an orc warlord
 21819 | Orc:2    | Killed an orc warlord
 21871 | Orc:2    | Found Bafupsy's Armour Shop.
 22026 | Orc:2    | Found Yshre Ihe's Magic Scroll Boutique.
 22285 | Orc:2    | Bought a scroll of blinking for 97 gold pieces
 22285 | Orc:2    | Bought a scroll of teleportation for 39 gold pieces
 22285 | Orc:2    | Bought a scroll of teleportation for 39 gold pieces
 22477 | Orc:2    | Identified the +0 pair of gloves of Distant Shores {Str-3
                  | Dex+5} (Okawaru gifted it to you on level 2 of the Orcish
                  | Mines)
 22477 | Orc:2    | Received a gift from Okawaru
 22781 | Orc:2    | Reached skill level 18 in Fighting
 23018 | Orc:2    | Found a staircase to the Elven Halls.
 23062 | Arena    | Entered the Arena
 23099 | Orc:2    | Identified the +1 swamp dragon scales "Jowiol" {rPois rC+}
 23353 | Orc:2    | Found Ujoggeap's Assorted Antiques.
 23402 | Orc:2    | Bought the ring "Zunoul" {Will+ Dex+6} for 490 gold pieces
 23412 | Orc:2    | Bought a scroll of acquirement for 1768 gold pieces
 23417 | Orc:2    | Acquired 773 gold pieces
 23684 | D:12     | Found Cheibriados's Comfort Zone.
 23688 | D:12     | Found a snail-covered altar of Cheibriados.
 24574 | D:12     | Reached skill level 5 in Invocations
 25439 | D:13     | Reached XP level 16. HP: 113/116 MP: 20/20
 25494 | D:13     | You are sucked into a shaft and drop 1 floor!
 25638 | D:14     | Noticed Nessos
 25673 | D:14     | Noticed Rupert
 25675 | D:14     | Killed Nessos
 25712 | D:14     | Killed Rupert
 25922 | D:14     | Found a gate to the Vaults.
 26031 | D:14     | Reached skill level 19 in Fighting
 26158 | D:14     | Identified the +9 trident of Uxuot {vorpal, rC+ Str-3 SInv}
 26261 | D:14     | Identified the +2 pair of boots of True Grit {rC+ Str+5}
                  | (Okawaru gifted it to you on level 14 of the Dungeon)
 26261 | D:14     | Received a gift from Okawaru
 26842 | D:15     | Entered Level 15 of the Dungeon
 27067 | D:15     | Found a staircase to the Depths.
 27112 | D:15     | Found Foysherr's Assorted Antiques.
 27121 | D:15     | Found Ichy's Assorted Antiques.
 27131 | D:15     | Found Gitow's Armour Emporium.
 27132 | D:15     | Found Ucupt's Magic Scroll Emporium.
 27136 | D:15     | Found Kyorpheal's Armour Emporium.
 27141 | D:15     | Bought a scroll of teleportation for 30 gold pieces
 27558 | D:15     | Identified Roxanne's Guide on Clay
 27558 | D:15     | Noticed Roxanne
 28159 | D:15     | Killed Roxanne
 28204 | D:15     | Found a portal to a secret trove of treasure.
 29050 | Lair:5   | Killed fiend's ghost
 29051 | Lair:5   | Reached skill level 10 in Invocations
 29140 | Shoals:1 | Entered Level 1 of the Shoals
 29396 | Shoals:1 | Noticed Nikola
 29954 | Shoals:1 | Reached skill level 20 in Fighting
 29960 | Shoals:1 | Identified the +7 chain mail of Idealism {rPois Will+ rCorr
                  | Int-3} (Okawaru gifted it to you on level 1 of the Shoals)
 29960 | Shoals:1 | Received a gift from Okawaru
 30024 | Arena    | Entered the Arena
 30039 | Arena    | Killed from afar by Nikola

Illustrated notes

Levels and vault maps discovered:
D:1:      minmay_arrival_widening_spiral_narrow, layout_basic,
          shapermc_ecumenical_altar_mp_urbaneastern,
          chequers_serial_rivers_marsh
D:2:      kennysheep_big_flooded_room, layout_basic
D:3:      layout_basic
D:4:      layout_loops_ring, gup_sewer_entry_bubbles, minmay_misc_feat_tiny,
          minmay_close_crescents, uniq_menkaure
D:5:      layout_rooms, gammafunk_temple_overflow_statue,
          minmay_temple_entry_tees, uniq_eustachio, uniq_ijyb, uniq_sigmund
D:6:      layout_rooms, uniq_pikel, uniq_blork_the_orc
D:7:      minmay_recursive_quarters, layout_basic, serial_shops,
          nicolae_square_shop, uniq_prince_ribbit1, uniq_harold, uniq_duvessa
D:8:      layout_loops_ring, chequers_jeans, minmay_fountain_box, uniq_psyche,
          uniq_grum
D:9:      layout_basic, erik_lair_orcish_takeover, serial_co_window_serial,
          co_window_corner_a, co_window_corner_a, co_window_of_opportunity_a,
          co_window_corner_a, co_window_paths_a, co_window_of_opportunity_a,
          co_window_paths_b, co_window_of_opportunity_b, co_window_broadway_c,
          co_window_unsneaky_path_d, co_window_sun, co_window_4corner_b,
          uniq_maggie
D:10:     minmay_the_grid_plus [minmay_the_grid_slots, minmay_the_grid_tri_star,
          minmay_the_grid_paths, minmay_the_grid_zigzag_pyramid,
          minmay_the_grid_prize_shrinking_boxes], layout_basic, orc_0_dummy,
          ebering_ghost_disaster_area, st_stairs_7, amethyst_killhole
D:11:     layout_rooms
D:12:     layout_stronghold, minmay_shop_chei, abandoned_shop
D:13:     layout_cave_pods
D:14:     layout_irregular_city, david_vaults_3
D:15:     gammafunk_enter_depths_forms, layout_gridville,
          trove_entry_hex_spiral, serial_shops, nicolae_shop_overgrown_old_shop,
          minmay_shop_grid_forest, uniq_nessos, uniq_roxanne
Temple:   regret_index_temple_chain_breaker
Lair:1:   layout_regular_city, grunt_megastairs_1, serial_bayou_shore_a
Lair:2:   layout_regular_city, elwin_shoals_entry_rooms, dummy_snake_entry,
          grunt_megastairs_5
Lair:3:   lemuel_ratsnest, layout_misc_corridors,
          gammafunk_ghost_abyssal_escape, lemuel_oklob_altar, uniq_sonja
Lair:4:   layout_cave_pods, grunt_megastairs_4
Lair:5:   layout_misc_corridors, ebering_ghost_reflecting_pool,
          serial_bayou_pond_d
Lair:6:   grunt_lair_end_beastmaster, layout_regular_city, slime_altar_2
Shoals:1: layout_shoals, uniq_nikola
Orc:1:    layout_caves, nicolae_shop_firing_range
Orc:2:    pubby_orc_utopia
Arena

Skill      XL: |  1  2  3  4  5  6  7  8  9 10 11 12 13 14 15 16 |
---------------+-------------------------------------------------+-----
Shields        | 4 5 6 8 9 11 13 14 15 | 15.0
Fighting       | 4 5 6 8 9 11 13 14 16 18 20 | 20.1
Armour         | 4 5 7 8 10 12 | 12.0
Maces & Flails | 3 4 5 7 8 10 11 13 15 16 | 16.0
Invocations    | 5 10 | 10.0

Action                   |  1- 3 |  4- 6 |  7- 9 | 10-12 | 13-15 | 16-18 || total
-------------------------+-------+-------+-------+-------+-------+-------++-------
Melee: Flail             |    90 |    21 |       |       |       |       ||   111
       Whip              |       |    99 |   256 |       |       |       ||   355
       Eveningstar       |       |       |    58 |   457 |    35 |       ||   550
       Morningstar       |       |       |       |       |  1233 |   443 ||  1676
Invok: Heroism           |       |       |       |     3 |     6 |     4 ||    13
       Duel              |       |       |       |       |     1 |     1 ||     2
       Finesse           |       |       |       |       |       |     2 ||     2
Evoke: Wand              |       |       |     2 |       |     4 |    13 ||    19
  Use: Scroll            |     3 |     5 |     8 |     6 |     8 |     4 ||    34
       Potion            |       |     1 |     4 |       |     4 |     4 ||    13
 Stab: Petrified         |       |       |       |       |     6 |       ||     6
Armor: Scale mail        |    34 |       |       |       |       |       ||    34
       Chain mail        |    24 |    54 |   169 |    50 |       |     1 ||   298
       Plate armour      |       |       |       |   209 |   122 |       ||   331
       Crystal plate arm |       |       |       |       |   549 |   347 ||   896
Dodge: Dodged            |    59 |    59 |   154 |   160 |   338 |   114 ||   884
Block: Buckler           |    16 |       |       |       |       |       ||    16
       Kite shield       |    12 |    65 |   218 |   317 |   800 |   358 ||  1770

Table legend: (Time is in decaauts)
 A = Elapsed time spent in this place.
 B = Non-inter-level travel time spent in this place.
 C = Inter-level travel time spent in this place.
 D = Time resting spent in this place.
 E = Time spent auto-exploring this place.
 F = Levels seen in this place.
 G = Mean time per level.
                   A        B        C        D        E       F      G
               +--------+--------+--------+--------+--------+-----+--------+
         Total |  29962 |  28792 |   1170 |   6768 |  13020 |  28 | 1070.1 |
       Dungeon |  16537 |  15830 |    707 |   3005 |   8794 |  15 | 1102.5 |
        Temple |    100 |     86 |     14 |      0 |     65 |   1 |  100.0 |
          Lair |   8748 |   8394 |    354 |   2431 |   2797 |   6 | 1458.0 |
        Shoals |    521 |    521 |      0 |     85 |    156 |   1 |  521.0 |
  Orcish Mines |   3234 |   3142 |     92 |   1085 |   1110 |   2 | 1617.0 |
         Sewer |    789 |    789 |      0 |    162 |     97 |   1 |  789.0 |
         Arena |     30 |     30 |      0 |      0 |      0 |   2 |   15.0 |
               +--------+--------+--------+--------+--------+-----+--------+

Top non-repeatable levels by time:
   Orc:2: 2467 daAuts
  Lair:2: 2159 daAuts
     D:9: 1679 daAuts
    D:15: 1569 daAuts
    D:10: 1529 daAuts
  Lair:3: 1421 daAuts
  Lair:4: 1378 daAuts
  Lair:1: 1357 daAuts
  Lair:5: 1326 daAuts
    D:14: 1323 daAuts
     D:4: 1231 daAuts
     D:7: 1180 daAuts
     D:3: 1179 daAuts
  Lair:6: 1105 daAuts
    D:12: 1091 daAuts
